 Dungeon Crawl Stone Soup version 0.22-a0-558-gc224181 (webtiles) character file.

56112 Amnesiac the Fetichist (level 14, -4/74 HPs)
             Began as a Spriggan Artificer on June 27, 2018.
             Was an Initiate of Gozag.
             Slain by an orc sorcerer
             ... wielding a +0 dagger
              (8 damage)
             ... while paralysed by an orc sorcerer
             ... on level 2 of the Orcish Mines.
             The game lasted 00:52:16 (26026 turns).

Amnesiac the Fetichist (Spriggan Artificer)        Turns: 26026, Time: 00:52:17

Health: -4/74      AC: -5    Str: 10      XL:     14   Next: 40%
Magic:  0/28       EV:  4    Int: 11 (14) God:    Gozag
Gold:   5367       SH:  0    Dex: 22      Spells: 8/13 levels left

rFire    . . .     SeeInvis +   a - +3 dagger (elec)
rCold    . . .     Gourm    .   E - +0 buckler
rNeg     + + .     Faith    .   o - +2 robe
rPois    .         Spirit   +   (helmet restricted)
rElec    .         Reflect  .   D - +2 cloak
rCorr    .         Harm     .   (gloves unavailable)
MR       +....                  (boots unavailable)
Stlth    ++++++....             m - amulet of guardian spirit
HPRegen  0.22/turn              R - ring "Cyoruef" {rN++ MR- Dex+6 Stlth+}
MPRegen  0.21/turn              s - +6 ring of slaying

@: paralysed, corroded, gold aura, very quick
A: very small, unfitting armour, see invisible, herbivore, speed 3, slow
metabolism 2, weak 1
a: Potion Petition, Call Merchant, Bribe Branch, Renounce Religion


You were on level 2 of the Orcish Mines.
You worshipped Gozag.
Gozag was greatly pleased with you.
You were not hungry.

You visited 2 branches of the dungeon, and saw 17 of its levels.

You collected 5967 gold pieces.
You spent 445 gold pieces at shops.
You paid 155 gold pieces to Gozag.

Inventory:

Hand Weapons
 a - a +3 dagger of electrocution (weapon)
 b - a +1 blowgun
 w - the +7 short sword of Tension {holy, -Tele rElec rPois Str+3}
   (You found it on level 15 of the Dungeon)

   It has been blessed by the Shining One to cause great damage to the undead
   and demons.
   It affects your strength (+3).
   It insulates you from electricity.
   It protects you from poison.
   It prevents most forms of teleportation.
Missiles
 p - a throwing net (quivered)
 r - 58 poisoned needles
 y - a curare-tipped needle
 N - 616 arrows
Armour
 o - a +2 robe (worn)
 D - a +2 cloak (worn)
 E - a +0 buckler (worn)
Jewellery
 m - an amulet of guardian spirit (around neck)
 s - a +6 ring of slaying (right hand)
 G - an uncursed ring of protection from fire
 I - an uncursed ring of protection from cold
 R - the ring "Cyoruef" (left hand) {rN++ MR- Dex+6 Stlth+}
   (You found it on level 15 of the Dungeon)

   [ring of dexterity]

   It affects your dexterity (+6).
   It greatly protects you from negative energy.
   It affects your resistance to hostile enchantments.
   It makes you more stealthy.
Wands
 c - a wand of flame (21)
 d - a wand of enslavement (10)
 k - a wand of digging (10)
 q - a wand of iceblast (10)
 S - a wand of polymorph (12)
Scrolls
 e - 5 scrolls of remove curse {!r}
 h - 3 scrolls of enchant armour {!r}
 i - 2 scrolls of immolation {!r}
 u - a scroll of holy word {!r}
 v - 4 scrolls of enchant weapon {!r}
 x - 7 scrolls of teleportation {!r}
 z - 4 scrolls of fog {!r}
 A - 4 scrolls of magic mapping {!r}
 J - a scroll of silence {!r}
 L - a scroll of blinking {!r}
 O - 2 scrolls of torment {!r}
 P - 2 scrolls of identify {!r}
Potions
 g - 7 potions of curing {!q}
 j - 2 potions of magic {!q}
 l - 6 potions of heal wounds {!q}
 n - 3 potions of ambrosia {!q}
 t - a potion of brilliance {!q}
 B - a potion of haste {!q}
 C - a potion of resistance {!q}
 H - a potion of flight {!q, unknown}
 K - a potion of might {!q}
 Q - a potion of cancellation {!q}
 T - a potion of mutation {!q}
Miscellaneous
 F - 2 boxes of beasts
 M - a sack of spiders
Comestibles
 f - 14 rations


   Skills:
 + Level 8.5 Fighting
 - Level 10.0 Short Blades
 + Level 13.7 Dodging
 - Level 10.0 Stealth
 - Level 7.5 Shields
 * Level 19.3 Evocations


You had 8 spell levels left.
You knew the following spells:

 Your Spells              Type           Power        Failure   Level  Hunger
a - Ozocubu's Armour      Chrm/Ice       #.......     71%         3    ####...
b - Sticks to Snakes      Tmut           #.......     47%         2    ###....

Your spell library contained the following spells:

 Spells                   Type           Power        Failure   Level  Hunger
 Bolt of Cold             Conj/Ice       #.........   100%        6    #######
 Throw Frost              Conj/Ice       #.....       47%         2    ###....
 Freezing Cloud           Conj/Ice/Air   #.........   100%        6    #######
 Freeze                   Ice            #...         34%         1    ##.....
 Ozocubu's Refrigeration  Ice            #.........   100%        6    #######
 Summon Ice Beast         Ice/Summ       #.......     98%         4    #####..
 Spider Form              Tmut/Pois      #.........   71%         3    ####...
 Blade Hands              Tmut           #.........   100%        5    ######.
 Ice Form                 Ice/Tmut       #.......     98%         4    #####..
 Throw Icicle             Conj/Ice       #.......     98%         4    #####..
 Metabolic Englaciation   Hex/Ice        #.........   100%        5    ######.
 Simulacrum               Ice/Necr       #.........   100%        6    #######
 Beastly Appendage        Tmut           #.....       34%         1    ##.....


Dungeon Overview and Level Annotations

Branches:
Dungeon (15/15) Temple (0/1) D:7 Lair (0/6) D:9 Orc (2/2) D:11 Elf (0/3) Orc:2 Vaults (0/5) D:13 D:14 Depths (0/5) D:15

Altars:
Gozag
Nemelex Xobeh
Qazlal
Trog
Xom
Beogh

Shops:
D:5 [*   D:8 (   D:10 *   Orc:1 }   Orc:2 %*


Innate Abilities, Weirdness & Mutations

You are very small and have problems with some larger weapons.
You are too small for most types of armour.
You have supernaturally acute eyesight. (SInv)
You are a herbivore.
You cover ground extremely quickly.
You need to consume almost no food.
You are weak. (Str -2)


Message History

A smoke demon comes into view.
You hear a shout! x6
The orc sorcerer shouts!
You hit the orc warrior.
The orc warrior is lightly wounded.
You hear a shout! x2
The orc warrior closely misses you.
You hear a shout!
You hit the orc warrior.
The orc warrior is moderately wounded.
You hit the orc warrior.
The orc warrior is heavily wounded.
You block the orc warrior's attack.
You puncture the orc warrior!
The orc warrior is almost dead.
You barely miss the orc warrior.
The orc warrior is almost dead.
The orc sorcerer casts a spell.
You hit the orc warrior.
You kill the orc warrior!
An orc high priest comes into view. It is wielding a long sword.
An orc knight comes into view. It is wielding a bardiche.
The orc sorcerer hits you but does no damage.
An orc priest comes into view. It is wielding a hand axe.
The rust devil hits you. The rust devil corrodes you!
Things that are here:
6 gold pieces; a glaive; a chain mail You closely miss the orc sorcerer.
The orc knight roars a battlecry!
The orcs go into a battle-frenzy!
The red devil hits you from afar with a trident!!
You hear a shout! x3
You hit the orc sorcerer.
The orc sorcerer is lightly wounded.
You block the orc sorcerer's attack. The rust devil completely misses you.
You hit the orc sorcerer.
The orc sorcerer is moderately wounded.
An orc knight comes into view. It is wielding an enchanted war axe.
An orc priest comes into view. It is wielding a dagger.
An orc sorcerer comes into view. It is wielding a dagger.
The red devil hits you but does no damage.
You hit the orc sorcerer.
The orc sorcerer is heavily wounded.
The orc sorcerer gestures at you while chanting.
You suddenly lose the ability to move!
The rust devil hits you! The rust devil corrodes you!
The orc high priest utters an invocation to Beogh.
The orc knight hits you from afar with a bardiche!
The red devil hits you from afar with a trident!
The orc sorcerer hits you with a dagger.
* * * LOW HITPOINT WARNING * * *
The rust devil hits you!
* * * LOW HITPOINT WARNING * * *
The rust devil corrodes you!
You hear a shout!
You hear a shout!
The orc priest mumbles some strange prayers to Beogh against you.
Beogh smites you!
* * * LOW HITPOINT WARNING * * *
The red devil hits you from afar with a trident!
* * * LOW HITPOINT WARNING * * *
The orc sorcerer hits you with a dagger!
You die...
Your body crumbles into a pile of gold.

......####.##
###.....##
......##.### ##
##....... ......#...##
#.###........
..#####....#
#...###.......
....#.#....### #...o.
##.....#
.............##
#.#o.4# ##.....
.##...........###.ooo.
##....
.##..........###3o4#
##...
##..........###.@4#
##..
##........###...## ##.
####......###...## ##
#.#......###.#.## #
........###...## #.
#.......)###.#.## #.#.
# ###.......###...##
#...###
#....#.....###...##
##...###.
.....#####..###..)##
##...###..


You could see 2 orc knights, an orc high priest, 2 rust devils, a smoke demon,
an orc sorcerer, a red devil and 2 orc priests.

Vanquished Creatures
  2 fire dragons (D:15)
  Snorg (Orc:1)
  A yaktaur captain (D:15)
  A hydra (D:15)
  Erica (Orc:1)
  4 centaur warriors
  A death knight (D:15)
  5 two-headed ogres
  A tengu warrior (D:15)
  Urug (D:10)
  An orc high priest (Orc:1)
  A deep elf knight (D:15)
  2 unseen horrors
  7 orc knights
  Psyche (D:11)
  A phantasmal warrior (D:15)
  A deep elf mage (D:14)
  A wolf spider (D:15)
  A salamander (D:15)
  5 manticores
  6 cyclopes
  23 ugly things
  An orange demon (Orc:2)
  An efreet (D:15)
  A tengu conjurer (D:15)
  4 kobold demonologists
  A freezing wraith (D:15)
  5 trolls
  A meliai (shapeshifter) (D:15)
  A dream sheep (D:7)
  4 hippogriffs
  A meliai zombie (D:11)
  A shadow (D:15)
  A spriggan (D:7)
  2 water elementals (D:15)
  3 wyverns
  15 humans
  3 yaks (D:11)
  Grum (D:10)
  A neqoxec (Orc:2)
  4 vampire mosquitoes (D:14)
  A hungry ghost (D:14)
  Menkaure (D:6)
  4 wargs
  A soldier ant (D:11)
  40 orc warriors
  2 porcupines (D:9)
  2 black bears
  A swamp drake (D:11)
  3 sky beasts
  2 eyes of draining
  2 ice beasts
  2 phantoms
  12 ogres
  3 wolves (D:10)
  3 crocodiles
  17 centaurs
  A crocodile (shapeshifter) (D:15)
  8 big kobolds
  A wyvern zombie (D:11)
  9 bullfrogs
  5 hounds
  5 gnoll sergeants
  A water moccasin zombie (D:9)
  4 scorpions
  3 killer bees (D:11)
  10 wights
  An electric eel (D:15)
  5 crimson imps
  3 centaur zombies
  A bullfrog zombie (D:13)
  3 jellies
  3 bullfrog skeletons
  A gnoll shaman (D:6)
  33 orc priests
  24 orc wizards
  4 centaur skeletons
  8 worker ants
  7 iguanas
  A hound skeleton (D:8)
  A worker ant zombie (D:10)
  11 gnolls
  13 adders
  2 shadow imps
  2 adder zombies
  2 adder skeletons
  5 worms
  4 dart slugs
  4 leopard geckos
  97 orcs
  4 giant cockroaches
  6 goblins
  11 hobgoblins
  12 jackals
  30 kobolds
  3 quokkas
  A ball python (D:7)
  14 bats
  6 frilled lizards
  A jackal skeleton (D:5)
  A quokka zombie (D:6)
  9 rats
  A plant (D:6)
596 creatures vanquished.

Vanquished Creatures (collateral kills)
  A soldier ant (D:11)
  A hound (D:4)
  An iguana (D:4)
3 creatures vanquished.

Vanquished Creatures (others)
  4 dream sheep (D:7)
  A human (D:14)
  A worker ant (D:4)
6 creatures vanquished.

Grand Total: 605 creatures vanquished

Notes
Turn   | Place    | Note
-------+----------+-------------------------------------------
     0 | D:1      | Amnesiac the Spriggan Artificer began the quest for the Orb.
     0 | D:1      | Reached XP level 1. HP: 9/9 MP: 4/4
   149 | D:2      | Reached XP level 2. HP: 9/14 MP: 6/6
   341 | D:3      | Reached skill level 5 in Evocations
  1003 | D:4      | Reached XP level 3. HP: 16/17 MP: 8/8
  1012 | D:4      | Reached skill level 6 in Evocations
  1360 | D:5      | Entered Level 5 of the Dungeon
  1830 | D:5      | Reached XP level 4. HP: 21/21 MP: 9/9
  1866 | D:5      | Reached skill level 7 in Evocations
  1880 | D:5      | Reached XP level 5. HP: 25/25 MP: 11/11
  1883 | D:5      | Reached skill level 8 in Evocations
  2046 | D:5      | Found Wubromyi's Assorted Antiques.
  2054 | D:5      | Bought 3 scrolls labeled VYUF HADGHE for 87 gold pieces
  2181 | D:5      | Reached XP level 6. HP: 26/29 MP: 11/13
  2479 | D:5      | Found Qupa's Antique Armour Shop.
  3287 | D:6      | Found an opulent altar of Gozag.
  3289 | D:6      | Reached XP level 7. HP: 32/32 MP: 14/14
  3322 | D:6      | Became a worshipper of Gozag Ym Sagoz the Greedy
  3422 | D:4      | Reached skill level 5 in Short Blades
  3422 | D:4      | Reached skill level 9 in Evocations
  7229 | D:6      | Noticed Menkaure
  7235 | D:6      | Killed Menkaure
  7235 | D:6      | Reached skill level 10 in Evocations
  7297 | D:6      | Reached XP level 8. HP: 37/37 MP: 15/17
  7522 | D:6      | Reached skill level 11 in Evocations
  8368 | D:6      | Reached skill level 1 in Fighting
  8819 | D:7      | Found a staircase to the Ecumenical Temple.
  8909 | D:7      | Got a bound lead amulet
  8957 | D:7      | Reached skill level 12 in Evocations
  8957 | D:7      | Reached XP level 9. HP: 24/42 MP: 9/19
  9194 | D:7      | Found a shimmering altar of Xom.
  9726 | D:6      | Identified the amulet "Raugiaff" {Gourm rPois Int+7} (You found it on level 7 of the Dungeon)
  9931 | D:5      | Bought a runed robe for 77 gold pieces
 10177 | D:8      | Reached skill level 5 in Dodging
 10442 | D:8      | Found Eguarho's Weapon Shop.
 10624 | D:8      | Found a stormy altar of Qazlal.
 10826 | D:9      | Reached skill level 13 in Evocations
 10840 | D:9      | Reached skill level 5 in Stealth
 11045 | D:9      | Reached XP level 10. HP: 23/49 MP: 10/21
 11443 | D:9      | Learned a level 3 spell: Ozocubu's Armour
 11507 | D:9      | Found a staircase to the Lair.
 11732 | D:10     | Entered Level 10 of the Dungeon
 12047 | D:10     | Noticed Grum
 12089 | D:10     | Killed Grum
 12292 | D:10     | Found Leurros's Assorted Antiques.
 12303 | D:10     | Bought a murky amethyst potion for 19 gold pieces
 12303 | D:10     | Bought a metallic coppery potion for 19 gold pieces
 12303 | D:10     | Bought a golden ring for 110 gold pieces
 12329 | D:10     | Reached skill level 14 in Evocations
 12474 | D:5      | Bought a scroll labeled KUMOFY ODEPHO for 29 gold pieces
 12621 | D:10     | Noticed Urug
 13031 | D:10     | Killed Urug
 13120 | D:11     | Noticed a brown ugly thing
 13167 | D:11     | Noticed a purple ugly thing
 13421 | D:11     | Killed a brown ugly thing
 13450 | D:11     | Killed a brown ugly thing
 13450 | D:11     | Reached skill level 15 in Evocations
 13653 | D:11     | Noticed an unseen horror
 13660 | D:11     | Killed an unseen horror
 13660 | D:11     | Reached skill level 5 in Fighting
 13660 | D:11     | Reached XP level 11. HP: 51/55 MP: 23/23
 14185 | D:11     | Found a bloodstained altar of Trog.
 14291 | D:11     | Noticed Psyche
 14320 | D:11     | Killed Psyche
 14421 | D:11     | Reached skill level 10 in Dodging
 14718 | D:11     | Noticed a two-headed ogre
 14732 | D:11     | Killed a two-headed ogre
 14732 | D:11     | Reached skill level 16 in Evocations
 14883 | D:11     | Found a staircase to the Orcish Mines.
 15124 | D:12     | Noticed a green ugly thing
 15384 | D:12     | Killed a green ugly thing
 15512 | D:12     | Noticed a two-headed ogre
 15521 | D:12     | Killed a two-headed ogre
 15886 | D:12     | Noticed a two-headed ogre
 15904 | D:12     | Killed a two-headed ogre
 16131 | D:13     | Reached skill level 10 in Short Blades
 16157 | D:13     | Reached XP level 12. HP: 47/61 MP: 18/25
 16304 | D:13     | Got a slimy hand crossbow
 16308 | D:13     | Identified the +3 hand crossbow "Biloreq" {freeze, rPois MP+9 Str+3 Stlth+} (You found it on level 13 of the Dungeon)
 16553 | D:13     | Noticed a two-headed ogre
 16559 | D:13     | Killed a two-headed ogre
 16593 | D:13     | Noticed a centaur warrior
 16614 | D:13     | Killed a centaur warrior
 16844 | D:14     | Found a gate to the Vaults.
 16844 | D:14     | Noticed a two-headed ogre
 16844 | D:14     | Noticed a centaur warrior
 16854 | D:13     | Killed a two-headed ogre
 16863 | D:13     | Reached skill level 17 in Evocations
 17269 | D:13     | Killed a centaur warrior
 17269 | D:13     | Reached skill level 10 in Stealth
 17271 | D:13     | HP: 3/62 [cyclops/large rock (11)]
 17575 | D:14     | Noticed a centaur warrior
 17659 | D:14     | Killed a centaur warrior
 17885 | D:14     | Found a sparkling altar of Nemelex Xobeh.
 17981 | D:14     | Learned a level 2 spell: Sticks to Snakes
 18035 | D:14     | Reached skill level 18 in Evocations
 18415 | D:14     | Reached XP level 13. HP: 46/67 MP: 19/27
 20145 | D:15     | Entered Level 15 of the Dungeon
 20234 | D:15     | Noticed a fire dragon
 20834 | D:15     | Reached skill level 1 in Shields
 20959 | D:15     | Killed a fire dragon
 21118 | D:15     | Found a runed door.
 21701 | D:15     | Noticed a fire dragon
 21717 | D:15     | Killed a fire dragon
 21717 | D:15     | Reached skill level 5 in Shields
 22506 | D:15     | Found a staircase to the Depths.
 23033 | D:15     | Reached XP level 14. HP: 55/73 MP: 21/28
 23070 | D:15     | Got a jewelled short sword
 23077 | D:15     | Got a flickering copper ring
 23080 | D:15     | Got a faintly glowing golden ring
 23095 | D:15     | Identified the +7 short sword of Tension {holy, -Tele rElec rPois Str+3} (You found it on level 15 of the Dungeon)
 23097 | D:15     | Identified the ring "Cyoruef" {rN++ MR- Dex+6 Stlth+} (You found it on level 15 of the Dungeon)
 23099 | D:15     | Identified the ring "Juineh" {*Tele MR- Int+4 Stlth+} (You found it on level 15 of the Dungeon)
 23489 | Orc:1    | Entered Level 1 of the Orcish Mines
 23554 | Orc:1    | Noticed Erica
 23573 | Orc:1    | Killed Erica
 23958 | Orc:1    | Found a runed door.
 24268 | Orc:1    | Found a roughly hewn altar of Beogh.
 24387 | Orc:2    | Entered Level 2 of the Orcish Mines
 24513 | Orc:2    | Reached skill level 19 in Evocations
 24581 | Orc:1    | Found Unluj's Gadget Shop.
 24581 | Orc:1    | Noticed Snorg
 24587 | Orc:1    | Killed Snorg
 24865 | Orc:2    | Found a staircase to the Elven Halls.
 25206 | Orc:2    | Found Emudd's General Store.
 25207 | Orc:2    | Found Voimitt's Food Shop.
 25581 | Orc:2    | Gained mutation: You are weak. (Str -2) [a neqoxec]
 25996 | Orc:2    | Bought a potion of mutation for 104 gold pieces
 26024 | Orc:2    | Paralysed by an orc sorcerer for 3 turns
 26026 | Orc:2    | Slain by an orc sorcerer

Vault maps used:
D:1:      kennysheep_arrival_seaside, chequers_big_river
D:2:      first_ration
D:5:      serial_shops, shop_coins, nicolae_shop_trees
D:6:      kennysheep_housing_project,
          nicolae_gozag_cash_rules_everything_around_me, uniq_menkaure
D:7:      minmay_temple_entry_hall, the_bakery, columned_hall_lemuel,
          kb_xom_exploding_sheep
D:8:      nicolae_overflow_hidden_temple, serial_shops, shop_statue
D:9:      grunt_lair_entry_orc_guard_hut
D:10:     serial_shops, shop, uniq_grum, uniq_urug
D:11:     erik_orc_1, basic_altar, uniq_psyche
D:14:     david_vaults_3, minivault_25, nemelex_xobeh_ov_fountains_minmay
D:15:     hangedman_depths_entry_try_elsewhere_first, minmay_st_funbox
Orc:1:    serial_shops, nicolae_shop_crystal, nicolae_orc_sculptors_studio,
          lightli_church_of_beogh, uniq_erica, uniq_snorg
Orc:2:    pf_orc_diabolical

Skill      XL: |  1  2  3  4  5  6  7  8  9 10 11 12 13 14 |
---------------+-------------------------------------------+-----
Evocations     | 5 6 7 8 10 12 13 15 16 18 19 | 19.3
Short Blades   | 2 4 6 8 10 | 10.0
Fighting       | 1 3 5 6 7 8 |  8.5
Dodging        | 4 6 9 10 12 13 | 13.7
Stealth        | 5 8 10 | 10.0
Shields        | 7 |  7.5

Action                   |  1- 3 |  4- 6 |  7- 9 | 10-12 | 13-15 || total
-------------------------+-------+-------+-------+-------+-------++-------
Melee: Short sword       |     8 |       |       |       |     1 ||     9
       Long sword        |    24 |    16 |       |       |       ||    40
       Rapier            |    15 |    32 |       |       |       ||    47
       Spear             |       |     7 |   540 |   118 |       ||   665
       Dagger            |       |       |       |   687 |   876 ||  1563
Evoke: Wand              |     4 |    16 |     1 |     3 |    20 ||    44
  Use: Scroll            |     5 |     3 |     9 |     7 |       ||    24
       Potion            |       |       |       |     1 |       ||     1
 Stab: Sleeping          |     1 |       |    12 |    16 |    16 ||    45
       Distracted        |       |       |     7 |     7 |    10 ||    24
       Confused          |       |       |       |     2 |       ||     2
  Eat: Ration            |       |       |     5 |     4 |     4 ||    13
Armor: Robe              |    21 |     6 |    22 |    50 |    26 ||   125
Dodge: Dodged            |   125 |    39 |   298 |   499 |   388 ||  1349
Block: Buckler           |       |       |    49 |   116 |   169 ||   334
       Rpst.: Long sword |    20 |    10 |       |       |       ||    30

Table legend:
 A = Spawn XP
 B = Non-spawn XP
 C = Spawn XP percentage of total XP
 D = Spawn monster count
 E = Non-spawn monster count
 F = Spawn count percentage of total count
 G = Total turns spent on level
                    A         B        C        D         E        F      G
               +---------+---------+-------+---------+---------+-------+---------
         Total |       0 |   80160 |   0.0 |       0 |     598 |   0.0 | 26026
               +---------+---------+-------+---------+---------+-------+---------
           D:1 |       0 |      38 |   0.0 |       0 |      22 |   0.0 |  1250
           D:2 |       0 |      64 |   0.0 |       0 |      22 |   0.0 |   677
           D:3 |       0 |     135 |   0.0 |       0 |      29 |   0.0 |  1248
           D:4 |       0 |     248 |   0.0 |       0 |      14 |   0.0 |  2532
           D:5 |       0 |     473 |   0.0 |       0 |      17 |   0.0 |  1732
           D:6 |       0 |    1571 |   0.0 |       0 |      45 |   0.0 |  2224
           D:7 |       0 |     829 |   0.0 |       0 |      20 |   0.0 |  1016
           D:8 |       0 |     945 |   0.0 |       0 |      16 |   0.0 |   940
           D:9 |       0 |    2041 |   0.0 |       0 |      33 |   0.0 |  1077
          D:10 |       0 |    2130 |   0.0 |       0 |      21 |   0.0 |  1095
          D:11 |       0 |    8942 |   0.0 |       0 |      70 |   0.0 |  2664
          D:12 |       0 |    3779 |   0.0 |       0 |      21 |   0.0 |   844
          D:13 |       0 |   10753 |   0.0 |       0 |      47 |   0.0 |  1358
          D:14 |       0 |   10491 |   0.0 |       0 |      39 |   0.0 |  1831
          D:15 |       0 |   24311 |   0.0 |       0 |      64 |   0.0 |  3242
         Orc:1 |       0 |    7023 |   0.0 |       0 |      54 |   0.0 |   858
         Orc:2 |       0 |    6387 |   0.0 |       0 |      64 |   0.0 |  1438
               +---------+---------+-------+---------+---------+-------+---------
